 Dungeon Crawl Stone Soup version 0.18.1-50-g88ac8fd (webtiles) character file.

281 Amnesiac the Charlatan (level 6, -3/29 HPs)
             Began as a Vine Stalker Artificer on June 15, 2018.
             Killed from afar by an orc wizard (10 damage)
             ... with a magic dart
             ... on level 4 of the Dungeon.
             The game lasted 00:04:34 (1014 turns).

Amnesiac the Charlatan (Vine Stalker Artificer)     Turns: 1014, Time: 00:04:35

Health: -3/29      AC:  4    Str: 16    XL:     6   Next: 27%
Magic:  0/11       EV: 12    Int: 12    God:
Gold:   80         SH:  0    Dex: 14    Spells: 0 memorised, 5 levels left

rFire  . . .     SeeInvis .     m - +0 dagger (freeze)
rCold  . . .     Gourm    .     b - +0 leather armour
rNeg   . . .     Faith    .     (no shield)
rPois  .         Spirit   +     (no helmet)
rElec  .         Dismiss  .     q - +0 cloak
rCorr  .         Reflect  .     (no gloves)
SustAt .         Harm     .     (no boots)
MR     .....                    (no amulet)
Stlth  +.........               (no ring)
                                (no ring)

@: confused, flying, very slightly contaminated, invisible, not resistant to
hostile enchantments, very unstealthy
A: fangs 2, regeneration 2, magic shield, antimagic bite, no device heal 3, rot
immunity
a: no special abilities


You were on level 4 of the Dungeon.
You were hungry.

You visited 1 branch of the dungeon, and saw 4 of its levels.

You collected 80 gold pieces.

Inventory:

Hand Weapons
 m - a +0 dagger of freezing (weapon)
Armour
 b - a +0 leather armour (worn)
 q - a +0 cloak (worn)
Wands
 c - a wand of flame (12/48)
 d - a wand of enslavement (14/24)
 e - a wand of random effects (10/48)
 r - a wand of confusion (9/48)
Scrolls
 a - a scroll of remove curse {!r, unknown}
 g - 2 scrolls of identify {!r, unknown}
 h - a scroll of recharging {!r, unknown}
 i - 2 scrolls of fear {!r, unknown}
 n - a scroll of noise {!r, unknown}
 p - a scroll of immolation {!r, unknown}
Potions
 j - a potion of haste {!q, unknown}
Comestibles
 f - a bread ration
 l - a meat ration


   Skills:
 - Level 0.8 Fighting
 - Level 0.8 Short Blades
 - Level 1.5 Dodging
 - Level 1.2 Stealth
 + Level 6.2 Evocations


You had 5 spell levels left.
You didn't know any spells.

Dungeon Overview and Level Annotations

Branches:
Dungeon (4/15)
 Temple: D:4-7

Altars:
Kikubaaqudgha

Annotations:
D:2 exclusion: door


Innate Abilities, Weirdness & Mutations

You have extremely sharp teeth.
You heal very quickly.
When hurt, damage is shared between your health and your magic reserves.
Your bite disrupts and absorbs the magic of your enemies.
Potions and wands cannot restore your health.
You are immune to rotting.


Message History

This wand has 12 charges left.
The orc shouts!
The orc wizard gestures at you while chanting.
You easily resist.
Evoke which item? (* to show all) (? for menu, Esc to quit)
Zapping:
e - a wand of random effects (11/48)
Press: ? - help, Shift-Dir - straight line, f - orc wizard
Aim: an orc wizard, wielding a dagger and wearing a robe (fast) Nothing appears to happen.
This wand has 10 charges left.
An ogre and a phantom come into view.
Evoke which item? (* to show all) (? for menu, Esc to quit)
Zapping:
r - a wand of confusion (12/48)
Press: ? - help, Shift-Dir - straight line, f/p - orc wizard
Aim: an orc wizard, wielding a dagger and wearing a robe (fast, chance to defeat MR: 59%)
The orc wizard resists with significant effort.
This wand has 11 charges left.
The orc wizard hits you but does no damage.
The phantom moves out of view.
The orc wizard points at you and mumbles some strange words.
The magic dart hits you!
* * * LOW HITPOINT WARNING * * *
Evoke which item? (* to show all) (? for menu, Esc to quit)
Zapping:
r - a wand of confusion (11/48)
Press: ? - help, Shift-Dir - straight line, f/p - orc wizard
Aim: an orc wizard, wielding a dagger and wearing a robe (fast, chance to defeat MR: 59%)
The orc wizard resists with significant effort.
This wand has 10 charges left.
The orc wizard casts a spell at you. The magic dart hits you!
* * * LOW HITPOINT WARNING * * *
An orc comes into view. It is wielding a flail.
Evoke which item? (* to show all) (? for menu, Esc to quit)
Zapping:
r - a wand of confusion (10/48)
Press: ? - help, Shift-Dir - straight line, f/p - orc wizard
Aim: an orc wizard, wielding a dagger and wearing a robe (fast, chance to defeat MR: 59%)
The orc wizard resists with significant effort.
This wand has 9 charges left.
The orc shouts!
The orc wizard casts a spell at you.
You are confused.
The orc moves out of view.
The orc wizard hits you but does no damage.
You're too confused!
Drink which item? (? for menu, Esc to quit)
Really quaff
k - a black potion {!q}? [Y]es or [N]o only, please.
Really quaff
k - a black potion {!q}?
It was a potion of invisibility {!q}.
You fade into invisibility!
The orc wizard misses you.
You are very lightly contaminated with residual magic.
You miss the phantom. The orc wizard barely misses you. x2
Drink which item? (? for menu, Esc to quit)
Really quaff
o - a green potion {!q}?
It was a potion of flight {!q}.
You feel very buoyant.
You fly up into the air.
The phantom closely misses you. The orc wizard closely misses you.
You hit the orc wizard. You freeze the orc wizard.
The orc wizard is lightly wounded.
The orc wizard misses you. The phantom barely misses you.
The orc wizard casts a spell at you. The magic dart hits you!
You die...

#.# #.#
########.######.
#.....Zoo.......
#.######<.##...
#.# ##.# ###.#
#.#
####..)#######.#
#......oo@WOo#.#
#.##.#######....#
# #. .o.. #. ...#
# ..=..


You could see a phantom, an ogre, an orc wizard and 3 orcs.

Vanquished Creatures
  Edmund (D:4)
  Blork the orc (D:4)
  An orc wizard (D:4)
  Ijyb (D:3)
  A hound skeleton (D:4)
  An adder (D:3)
  An ooze (D:2)
  2 dart slugs
  A giant gecko (D:2)
  8 orcs
  A giant cockroach (D:3)
  4 goblins
  2 hobgoblins
  3 jackals (D:2)
  2 giant newts (D:2)
  5 kobolds
  A quokka skeleton (D:4)
  6 rats
42 creatures vanquished.

Vanquished Creatures (others)
  A giant frog skeleton (D:4)
1 creature vanquished.

Grand Total: 43 creatures vanquished

Notes
Turn   | Place    | Note
--------------------------------------------------------------
     0 | D:1      | Amnesiac the Vine Stalker Artificer began the quest for the Orb.
     0 | D:1      | Reached XP level 1. HP: 9/9 MP: 3/3
    95 | D:1      | Reached skill level 3 in Evocations
   251 | D:1      | Reached XP level 2. HP: 14/14 MP: 5/5
   407 | D:2      | Found an ancient bone altar of Kikubaaqudgha.
   551 | D:2      | Reached XP level 3. HP: 17/17 MP: 6/6
   791 | D:3      | Reached skill level 4 in Evocations
   880 | D:4      | Noticed Blork the orc
   881 | D:4      | Noticed Edmund
   890 | D:4      | Killed Blork the orc
   890 | D:4      | Reached skill level 5 in Evocations
   890 | D:4      | Reached XP level 4. HP: 21/21 MP: 8/8
   890 | D:4      | Reached XP level 5. HP: 25/25 MP: 9/9
   906 | D:3      | Noticed Ijyb
   946 | D:3      | Killed Ijyb
   992 | D:4      | Killed Edmund
   992 | D:4      | Reached skill level 6 in Evocations
   992 | D:4      | Gained mutation: You heal very quickly. [Vine Stalker growth]
   992 | D:4      | Reached XP level 6. HP: 9/29 MP: 2/11
  1008 | D:4      | Noticed a phantom
  1014 | D:4      | Killed from afar by an orc wizard

Skill      XL: |  1  2  3  4  5 |
---------------+----------------+-----
Evocations     | 3 5 6 |  6.2
Fighting       | |  0.8
Short Blades   | |  0.8
Dodging        | |  1.5
Stealth        | |  1.2

Action                   |  1- 3 |  4- 6 || total
-------------------------+-------+-------++-------
Melee: Short sword       |    18 |       ||    18
       Bite              |    30 |    16 ||    46
       Dagger            |    98 |    56 ||   154
Evoke: Wand              |     1 |    12 ||    13
  Use: Potion            |       |     2 ||     2
 Stab: Sleeping          |     2 |     1 ||     3
       Confused          |       |     5 ||     5
Armor: Leather armour    |    14 |     9 ||    23
Dodge: Dodged            |    60 |    24 ||    84
